Map: Last Remnant

Players

songoku

  • Race: Protoss Protoss
  • Spawn Location: 3:00

CenturyRain

  • Race: Zerg Zerg
  • Spawn Location: 12:00

Forceliner

  • Race: Zerg Zerg
  • League: Silver
  • Spawn Location: 12:00

shadow

  • Race: Zerg Zerg
  • League: Bronze
  • Spawn Location: 1:00

MannyP

  • Race: Terran Terran
  • Spawn Location: 6:00

Xenzo

  • Race: Zerg Zerg
  • League: Gold
  • Spawn Location: 7:00

Infamous

  • Race: Protoss Protoss
  • League: Silver
  • Spawn Location: 9:00

Chance

  • Race: Terran Terran
  • Spawn Location: 6:00

VOD

Have the link to the VOD?

Description

Time

  • Played on: April 5, 2018, 10:20 a.m.
  • Length: 12:35
Show
View Real Time Build Order
Export as new Build Order

songoku Protoss 

Build Orders:  

Get SALT Encoding   

  12  0:03  Probe  
  13  0:13  Assimilator  
  13  0:22  Assimilator  
  13  0:24  Probe  
  14  0:36  Probe  
  15  0:48  Pylon  
  15  0:51  Pylon  
  15  1:06  Probe  
  16  1:18  Probe  
  17  1:30  Probe  
  17  1:31  Gateway  
  18  1:42  Probe  
  19  1:54  Probe  
  20  2:12  Forge  
  20  2:30  Pylon  
  20  2:35  Probe  
  21  2:42  Cybernetics Core  
  21  2:47  Probe  
  22  3:02  Nexus  
  22  3:05  Assimilator  
  22  3:20  Stalker (Chrono Boost)  
  24  3:29  Stargate  
  24  3:35  Stargate  
  24  3:47  Stalker (Chrono Boost)  
  26  3:49  Stargate  
  26  4:00  Probe  
  27  4:09  Assimilator  
  27  4:12  Probe, Pylon  
  28  4:18  Pylon  
  28  4:30  Probe  
  29  4:42  Probe  
  30  4:52  Stargate  
  30  4:54  Probe (Chrono Boost)  
  30  4:56  Stargate  
  31  5:02  Pylon  
  31  5:06  Probe (Chrono Boost)  
  32  5:15  Probe (Chrono Boost)  
  32  5:17  Pylon  
  32  5:20  Probe  
  38  5:36  Void Ray (Chrono Boost)  
  38  5:43  Probe  
  39  5:55  Probe  
  38  6:02  Void Ray x2 (Chrono Boost)  
  38  6:07  Probe  
  45  6:14  Pylon  
  45  6:15  Pylon  
  45  6:19  Pylon  
  45  6:21  Protoss Air Weapons Level 1  
  33  7:05  Void Ray x4  
  49  7:19  Probe  
  50  7:27  Void Ray  
  54  7:31  Probe  
  55  7:43  Probe, Stargate  
  56  7:49  Stargate  
  56  7:52  Void Ray  
  56  7:55  Probe  
  61  8:07  Probe  
  61  8:10  Pylon  
  61  8:12  Pylon  
  62  8:15  Protoss Air Armor Level 1  
  62  8:16  Protoss Shields Level 1  
  62  8:44  Void Ray x2  
  70  8:48  Nexus  
  70  9:00  Assimilator  
  70  9:04  Assimilator  
  66  9:43  Void Ray x4  
  65  10:15  Void Ray x2  
  63  10:54  Void Ray  
  63  10:55  Void Ray  
  64  11:11  Void Ray x2  
  72  11:29  Void Ray  
Show
View Real Time Build Order
Export as new Build Order

CenturyRain Zerg 

Build Orders: Pool First, Swarm Host 

Get SALT Encoding   

  12  0:02  Drone  
  13  0:15  Drone  
  13  0:18  Overlord  
  14  0:43  Drone  
  14  0:44  Drone  
  14  0:46  Extractor, Spawning Pool  
  14  0:48  Extractor  
  13  0:57  Drone x2  
  15  1:24  Drone x2  
  17  1:35  Lair  
  17  1:44  Roach Warren  
  17  1:47  Drone x2  
  18  1:56  Drone  
  19  2:10  Overlord  
  19  2:38  Hatchery  
  19  2:43  Tunneling Claws  
  18  3:02  Burrow  
  18  3:05  Extractor  
  17  3:08  Overlord  
  17  3:23  Roach x2  
  17  3:26  Roach  
  23  3:41  Roach  
  23  3:45  Drone  
  26  4:05  Roach  
  28  4:12  Queen  
  28  4:14  Roach  
  32  4:19  Roach  
  34  4:28  Roach  
  36  4:32  Glial Reconstitution  
  34  4:55  Roach x2  
  40  5:00  Drone x3  
  41  5:07  Roach  
  43  5:24  Overlord  
  43  5:31  Drone  
  44  6:09  Drone x3  
  47  6:16  Roach x10  
  47  6:45  Roach x10  
  47  6:51  Roach  
  47  7:18  Roach x10  
  47  7:21  Drone x3  
  47  7:22  Spore Crawler x2  
  49  7:24  Spore Crawler  
  47  7:31  Overlord  
  47  7:32  Overlord x4  
  47  7:49  Queen  
  45  8:00  Drone x5  
  45  8:01  Drone x2  
  45  8:03  Extractor  
  51  8:11  Infestation Pit  
  51  8:12  Drone  
  51  8:13  Drone x3  
  54  8:32  Overseer  
  54  8:42  Drone x4  
  54  8:43  Drone x2, Evolution Chamber  
  54  8:47  Swarm Host  
  62  8:57  Swarm Host x2  
  68  9:04  Spore Crawler  
  68  9:05  Swarm Host x2  
  68  9:07  Swarm Host x3  
  82  9:10  Zerg Missile Weapons Level 1  
  82  9:18  Overlord  
  82  9:20  Overlord  
  82  9:43  Swarm Host  
  82  9:44  Swarm Host x3  
  76  10:19  Swarm Host x3  
  76  10:20  Swarm Host x3  
  94  10:53  Overlord x6  
  94  11:06  Swarm Host x2  
  100  11:16  Swarm Host x2  
  106  11:51  Overlord  
  106  11:52  Swarm Host x4  
  106  11:53  Swarm Host  
  121  12:03  Swarm Host x3  
Show
View Real Time Build Order
Export as new Build Order

Forceliner Zerg 

Build Orders: Hatch First 

Get SALT Encoding   

  12  0:01  Drone  
  13  0:13  Overlord  
  13  0:18  Drone  
  14  0:31  Drone x2  
  14  0:35  Drone  
  17  0:54  Hatchery  
  16  0:58  Drone  
  16  1:01  Drone  
  18  1:07  Extractor  
  17  1:19  Spawning Pool  
  17  1:21  Drone  
  17  1:24  Drone  
  18  1:29  Drone  
  19  1:39  Drone  
  20  1:57  Drone  
  20  2:00  Drone  
  22  2:06  Queen x2  
  26  2:10  Overlord  
  26  2:14  Metabolic Boost  
  26  2:20  Drone  
  26  2:21  Drone  
  28  2:40  Hatchery  
  27  2:46  Drone x2  
  27  2:47  Drone  
  27  2:49  Drone  
  31  2:52  Drone  
  31  2:54  Drone  
  31  2:57  Drone  
  34  3:01  Drone  
  35  3:13  Drone  
  35  3:14  Overlord  
  36  3:22  Extractor x2  
  36  3:24  Extractor  
  36  3:25  Drone x3  
  36  3:26  Overlord  
  36  3:27  Overlord x2  
  36  3:33  Drone x2  
  38  3:38  Drone  
  38  3:40  Drone  
  40  3:47  Lair  
  40  3:50  Drone  
  40  3:52  Drone  
  40  3:53  Drone  
  40  3:55  Drone x4  
  47  4:01  Drone  
  47  4:02  Drone  
  49  4:04  Queen  
  49  4:07  Zergling x6  
  54  4:15  Roach Warren  
  53  4:32  Drone x11, Extractor  
  53  4:33  Extractor  
  62  4:41  Evolution Chamber x2  
  62  4:42  Drone x2  
  62  4:44  Drone  
  63  4:50  Hydralisk Den  
  62  4:56  Overlord x3  
  62  5:04  Drone x5  
  62  5:07  Drone  
  68  5:08  Drone x2  
  68  5:09  Drone  
  68  5:12  Zerg Ground Armor Level 1, Zerg Missile Weapons Level 1  
  68  5:13  Glial Reconstitution  
  71  5:19  Grooved Spines  
  71  5:22  Hydralisk  
  71  5:23  Hydralisk  
  71  5:25  Hydralisk  
  77  5:29  Hydralisk  
  77  5:31  Hydralisk  
  77  5:33  Hydralisk  
  83  5:36  Hydralisk  
  83  5:38  Hydralisk  
  83  5:40  Hydralisk  
  83  5:42  Hydralisk  
  89  5:45  Hydralisk  
  89  5:48  Overlord  
  89  5:49  Overlord  
  93  5:54  Infestation Pit  
  93  5:55  Overlord  
  93  5:56  Overlord  
  92  5:58  Roach  
  92  6:02  Roach x2  
  101  6:18  Drone x8  
  101  6:19  Drone  
  101  6:20  Drone  
  101  6:21  Drone  
  109  6:28  Drone x2  
  109  6:29  Drone  
  109  6:30  Hatchery  
  109  6:31  Muscular Augments  
  111  6:33  Extractor  
  111  6:34  Extractor  
  111  6:39  Drone x3  
  112  6:40  Drone x2  
  112  6:41  Drone x3  
  112  6:42  Drone x4  
  121  6:50  Hydralisk  
  121  6:51  Hydralisk  
  125  6:54  Hydralisk  
  127  7:08  Overlord x5  
  127  7:09  Overlord x2  
  123  7:19  Overseer x2  
  123  7:22  Pneumatized Carapace  
  109  7:38  Spore Crawler, Drone x3  
  109  7:39  Drone x2  
  109  7:43  Drone  
  113  7:44  Drone x2  
  113  7:45  Drone  
  115  7:51  Drone  
  115  7:52  Drone x2  
  115  7:57  Spore Crawler  
  114  7:59  Spore Crawler  
  114  8:04  Hydralisk x4  
  114  8:05  Hydralisk x2  
  125  8:06  Overlord  
  125  8:08  Zerg Ground Armor Level 2, Zerg Missile Weapons Level 2  
  125  8:10  Hive  
  125  8:27  Hydralisk x5  
  125  8:29  Hatchery  
  125  8:31  Extractor  
  125  8:32  Hydralisk  
  125  8:33  Extractor, Hydralisk x7  
  148  8:41  Spore Crawler  
  148  8:45  Queen x2  
  151  8:49  Hydralisk x8  
  165  9:31  Viper x4  
  165  9:32  Viper x5  
  192  9:40  Viper  
  195  9:51  Viper  
  198  9:53  Hydralisk  
  176  11:51  Overseer x3  
  176  11:54  Hydralisk  
  176  11:55  Hydralisk x6  
  176  11:56  Overlord x2  
  176  11:57  Overlord x2  
Show
View Real Time Build Order
Export as new Build Order

shadow Zerg 

Build Orders: Pool First 

Get SALT Encoding   

  12  0:03  Drone  
  13  0:12  Drone  
  14  0:18  Overlord  
  14  0:38  Spawning Pool  
  13  0:47  Extractor  
  13  0:49  Drone x2  
  15  0:50  Drone  
  15  1:09  Extractor  
  14  1:17  Drone x2  
  16  1:26  Queen  
  16  1:28  Zergling x2  
  19  1:41  Zergling x2  
  20  1:57  Hatchery  
  19  2:17  Zergling x4  
  19  2:18  Zergling x2  
  22  2:26  Metabolic Boost  
  22  2:31  Overlord  
  22  2:57  Drone  
  23  2:58  Drone  
  23  2:59  Drone  
  25  3:15  Overlord, Zergling x2  
  26  3:24  Roach Warren  
  25  3:37  Zergling x4  
  25  3:38  Zergling x4  
  29  3:54  Drone  
  30  3:57  Queen  
  30  3:58  Zergling x2  
  29  4:43  Roach x3  
  29  4:44  Roach  
  37  4:49  Zergling x4, Roach  
  41  5:00  Extractor  
  41  5:05  Extractor  
  39  5:31  Lair  
  39  5:40  Evolution Chamber  
  39  5:42  Drone x5  
  24  6:29  Drone x2  
  26  6:40  Hydralisk Den  
  16  6:58  Overseer  
  16  7:09  Hydralisk x6  
  16  7:10  Hydralisk  
  16  7:15  Drone  
  31  7:21  Drone  
  32  7:29  Drone  
  33  7:37  Drone  
  34  8:11  Hatchery  
  33  8:18  Hydralisk  
  35  8:42  Grooved Spines  
  35  8:47  Hydralisk  
  37  9:00  Overlord  
  37  9:01  Overlord  
  37  9:23  Pneumatized Carapace  
  37  9:27  Drone  
  38  9:35  Drone  
  39  9:43  Queen  
  41  9:48  Drone  
  42  9:54  Muscular Augments  
  36  10:21  Hydralisk x4  
  32  10:52  Hydralisk x3  
  32  10:56  Hydralisk x2  
  42  11:14  Hydralisk  
  42  11:18  Drone x2  
  46  11:26  Hydralisk x2  
  50  11:59  Hydralisk  
  50  12:00  Hydralisk  
  54  12:02  Hydralisk  
  54  12:03  Hydralisk x2  
  54  12:07  Overlord x2  
Show
View Real Time Build Order
Export as new Build Order

MannyP Terran 

Build Orders: 1/1/1, Banshee Rush 

Get SALT Encoding   

  12  0:15  Supply Depot  
  12  0:18  Refinery  
  12  0:26  SCV  
  13  0:41  Barracks  
  13  0:49  Refinery  
  13  0:50  SCV  
  14  1:20  SCV  
  15  1:31  Factory  
  15  1:33  SCV  
  16  1:45  SCV  
  17  1:57  SCV  
  18  2:09  SCV  
  19  2:21  Starport, SCV  
  20  2:27  Starport  
  20  2:33  SCV  
  21  2:45  Supply Depot, SCV  
  22  2:59  Starport Tech Lab  
  22  3:05  Supply Depot  
  22  3:06  Starport Tech Lab  
  22  3:17  SCV  
  23  3:22  Hyperflight Rotors  
  23  3:27  Cloaking Field  
  23  3:31  SCV  
  24  3:45  Banshee  
  27  3:54  Banshee  
  30  4:19  Supply Depot  
  30  4:28  Widow Mine, Banshee  
  35  4:39  Banshee  
  38  5:10  Banshee  
  41  5:15  Armory  
  41  5:20  Supply Depot  
  41  5:22  Banshee  
  44  5:37  Armory  
  44  5:45  Supply Depot  
  27  8:10  Fusion Core  
  27  8:12  Terran Vehicle And Ship Armor Level 1  
  27  8:14  Terran Ship Weapons Level 1  
  27  8:17  Armory  
  27  8:54  Engineering Bay  
  27  8:59  Weapon Refit  
  27  9:21  Sensor Tower  
  27  9:33  Battlecruiser  
  27  9:34  Battlecruiser  
  39  10:09  Sensor Tower  
  39  10:43  Sensor Tower  
  39  11:13  Battlecruiser  
Show
View Real Time Build Order
Export as new Build Order

Xenzo Zerg 

Build Orders: Pool First 

Get SALT Encoding   

  12  0:08  Drone  
  12  0:11  Drone  
  14  0:19  Overlord  
  14  0:37  Spawning Pool  
  14  0:41  Drone  
  14  0:45  Drone  
  15  0:58  Drone x2  
  17  1:06  Extractor  
  17  1:08  Extractor  
  17  1:09  Drone  
  16  1:15  Drone  
  17  1:24  Queen  
  19  1:26  Drone  
  20  1:38  Drone  
  21  1:44  Roach Warren  
  20  1:47  Drone  
  21  1:58  Overlord  
  21  2:18  Hatchery  
  21  2:22  Zergling x2  
  21  2:27  Drone  
  22  2:33  Drone  
  25  2:44  Roach x2  
  27  2:58  Roach  
  29  3:00  Overlord  
  29  3:02  Overlord  
  29  3:17  Spine Crawler  
  28  3:25  Roach x3  
  34  3:31  Drone  
  35  3:54  Roach x4  
  43  4:01  Drone  
  43  4:02  Drone  
  32  4:32  Roach x3  
  32  4:33  Roach x3  
  32  4:37  Lair  
  44  4:40  Overlord  
  44  5:29  Drone x7  
  44  5:30  Drone  
  44  5:34  Overlord  
  52  5:41  Spire  
  51  5:45  Glial Reconstitution  
  51  5:58  Overseer  
  51  6:20  Queen  
  51  6:21  Drone x4  
  51  6:22  Drone  
  51  6:23  Overlord x2  
  58  6:26  Extractor  
  58  6:28  Extractor  
  56  6:49  Hatchery  
  56  6:50  Zergling x8  
  56  6:51  Zergling x2  
  56  6:52  Metabolic Boost  
  60  7:01  Overseer  
  60  7:27  Mutalisk x3  
  60  7:28  Mutalisk x2  
  70  8:03  Overseer  
  70  8:17  Queen  
  70  8:18  Drone x2  
  74  8:35  Drone x3  
  74  8:39  Drone x3  
  80  8:41  Drone  
  80  8:42  Drone  
  82  8:52  Zerg Flyer Weapons Level 1  
  76  9:23  Mutalisk  
  76  9:24  Mutalisk x3  
  74  9:28  Overlord  
  74  9:29  Overlord x3  
  82  9:36  Extractor  
  81  9:38  Extractor  
  80  9:46  Infestation Pit  
  79  9:53  Overseer  
  68  11:07  Hive  
  68  11:08  Mutalisk x9  
  68  11:09  Mutalisk x2  
  90  11:16  Drone  
  90  11:17  Drone x5  
  96  11:19  Overlord x3  
  66  11:59  Spore Crawler  
  66  12:01  Drone  
  66  12:09  Drone x5  
  66  12:10  Drone  
Show
View Real Time Build Order
Export as new Build Order

Infamous Protoss 

Build Orders:  

Get SALT Encoding   

  12  0:02  Probe  
  13  0:16  Pylon  
  13  0:18  Probe  
  14  0:37  Probe (Chrono Boost)  
  15  0:44  Gateway  
  15  0:49  Probe (Chrono Boost)  
  16  0:58  Probe (Chrono Boost), Assimilator  
  17  1:06  Probe (Chrono Boost)  
  19  1:19  Probe (Chrono Boost)  
  19  1:21  Gateway  
  19  1:26  Probe (Chrono Boost)  
  20  1:32  Cybernetics Core  
  20  1:33  Probe  
  21  1:50  Probe  
  22  1:59  Assimilator  
  22  2:04  Probe  
  22  2:05  Pylon  
  23  2:09  Warp Gate  
  22  2:17  Probe  
  22  2:22  Stalker (Chrono Boost)  
  27  2:30  Stalker (Chrono Boost)  
  27  2:35  Probe  
  28  2:50  Probe  
  29  2:54  Stalker (Chrono Boost)  
  31  3:11  Robotics Facility  
  31  3:18  Pylon  
  31  3:22  Twilight Council  
  31  3:33  Nexus  
  31  3:36  Probe, Stalker  
  31  3:37  Pylon  
  34  3:48  Probe  
  35  3:58  Forge  
  35  4:00  Probe  
  35  4:01  Observer (Chrono Boost)  
  37  4:21  Pylon  
  37  4:23  Blink  
  37  4:24  Gateway  
  37  4:36  Stalker  
  37  4:37  Stalker  
  41  4:52  Protoss Ground Weapons Level 1 (Chrono Boost)  
  41  4:53  Probe  
  42  5:00  Gateway  
  42  5:03  Gateway  
  42  5:05  Probe  
  43  5:26  Templar Archives  
  43  5:33  Immortal  
  45  6:12  Psionic Storm  
  45  6:26  Pylon  
  37  6:45  Stalker x3  
  29  6:50  Adept  
  29  7:05  Probe  
  30  7:11  Photon Cannon  
  30  7:15  Pylon  
  28  7:17  Probe  
  28  7:18  Probe, Pylon  
  30  7:30  Probe  
  31  7:42  Probe  
  26  7:54  Pylon  
  26  7:55  Probe, Photon Cannon  
  27  8:10  Probe (Chrono Boost)  
  28  8:19  Photon Cannon  
  28  8:20  Probe (Chrono Boost)  
  28  8:25  Probe (Chrono Boost)  
  29  8:31  Photon Cannon  
  29  8:33  Probe (Chrono Boost)  
  30  8:37  Probe (Chrono Boost)  
  31  8:45  Probe (Chrono Boost)  
  32  8:54  Photon Cannon  
  32  8:58  Probe (Chrono Boost)  
  34  9:04  Probe (Chrono Boost)  
  34  9:08  Probe (Chrono Boost)  
  35  9:12  Probe (Chrono Boost), Protoss Ground Armor Level 1 (Chrono Boost)  
  35  9:14  Probe (Chrono Boost)  
  37  9:34  Probe (Chrono Boost), Assimilator  
  37  9:35  Probe (Chrono Boost)  
  37  9:38  Assimilator  
  39  9:44  Probe (Chrono Boost)  
  41  9:45  Probe (Chrono Boost)  
  41  9:46  High Templar  
  43  10:07  High Templar  
  43  10:11  Zealot  
  43  10:12  Zealot x2  
  51  10:16  Probe (Chrono Boost)  
  51  10:20  Probe (Chrono Boost)  
  53  10:27  Probe (Chrono Boost)  
  55  10:30  Probe (Chrono Boost)  
  55  10:32  Probe (Chrono Boost)  
  55  10:34  Archon  
  56  10:37  Stalker x4  
  64  10:48  Immortal  
  66  11:15  High Templar  
  66  11:17  Stalker x2  
  56  11:46  Stalker x2  
Show
View Real Time Build Order
Export as new Build Order

Chance Terran 

Build Orders:  

Get SALT Encoding   

  12  0:23  SCV  
  13  0:33  Supply Depot  
  13  0:35  SCV  
  14  0:47  SCV  
  15  0:51  Supply Depot  
  15  0:59  SCV  
  15  1:01  Barracks  
  16  1:11  SCV  
  16  1:14  Barracks  
  17  1:22  Supply Depot  
  17  1:23  SCV  
  18  1:37  Supply Depot  
  18  1:38  SCV  
  19  1:50  SCV, Refinery  
  20  1:58  Refinery  
  20  2:02  SCV  
  20  2:06  Supply Depot  
  21  2:15  SCV  
  22  2:27  SCV  
  23  2:39  SCV  
  24  2:49  Barracks Tech Lab  
  24  2:51  Command Center  
  24  2:58  Orbital Command  
  24  3:06  Factory  
  24  3:07  Marine  
  25  3:41  Supply Depot  
  25  3:44  SCV  
  26  3:51  Factory Reactor  
  26  3:54  Barracks x2  
  26  4:18  Supply Depot  
  25  4:28  Widow Mine x2  
  26  4:50  Widow Mine x2  
  30  4:58  Barracks Reactor, Marauder  
  32  5:01  SCV  
  33  5:11  Widow Mine  
  33  5:13  SCV  
  36  5:19  Factory  
  36  5:21  Stimpack  
  36  5:25  SCV  
  37  5:31  Widow Mine  
  37  5:32  Widow Mine  
  41  5:37  SCV  
  43  5:50  SCV x2  
  43  5:52  Widow Mine  
  43  5:54  Widow Mine  
  48  6:02  SCV x2  
  50  6:11  Factory Tech Lab  
  50  6:13  Marine  
  50  6:14  Widow Mine  
  50  6:15  Marine, Widow Mine  
  56  6:22  SCV  
  57  6:30  Refinery  
  57  6:32  Refinery  
  57  6:34  SCV  
  57  6:35  Widow Mine  
  57  6:36  Widow Mine  
  62  6:46  SCV  
  62  6:57  Widow Mine  
  62  6:58  Widow Mine  
  67  7:05  SCV  
  67  7:12  SCV, Armory  
  67  7:14  Engineering Bay  
  67  7:15  Engineering Bay  
  68  7:17  SCV  
  69  7:24  SCV  
  70  7:33  Siege Tank, SCV  
  70  7:34  Widow Mine x2  
  70  7:36  SCV  
  78  7:45  SCV  
  78  7:48  SCV  
  80  7:55  Widow Mine  
  80  7:56  Widow Mine  
  84  8:00  SCV  
  85  8:07  Missile Turret  
  85  8:10  Missile Turret  
  85  8:12  Missile Turret  
  85  8:19  Planetary Fortress  
  85  8:23  Missile Turret  
  85  8:24  Missile Turret  
  85  8:44  Terran Infantry Armor Level 1, Terran Infantry Weapons Level 1, Armory  
  85  8:53  Supply Depot  
  85  8:56  Command Center  
  85  8:57  Supply Depot x2  
  85  9:06  SCV  
  86  9:14  Siege Tank  
  86  9:15  Widow Mine x2  
  93  9:19  SCV  
  88  9:47  Siege Tank  
  88  9:51  Sensor Tower  
  91  9:57  Widow Mine  
  91  9:58  Widow Mine  
  70  10:18  Widow Mine  
  70  10:19  Siege Tank, Widow Mine  
  76  10:23  Marine  
  76  10:24  Marine  
  73  10:40  Widow Mine x2  
  73  10:41  Marine  
  73  10:42  Marine  
  69  10:51  Siege Tank  
  69  10:59  Marine x2  
  69  11:01  Widow Mine  
  69  11:02  Widow Mine  
  55  11:25  Widow Mine  
  47  11:26  Widow Mine  
  37  11:55  Supply Depot  
  37  11:56  Supply Depot x2  
  37  12:08  Command Center  
Tags
 
Add a new tag
Caveats
  • Supply blocks, unpowered buildings, or Contaminate may cause inaccurate times.
  • Supply counts are checked every 10 seconds.